 Dungeon Crawl Stone Soup version 0.32-a0-791-gfc315c9ecd (webtiles) character file.

Game seed: 16892904898395899100

156 Kenran the Ruffian (level 5, -1/38 HPs)
             Began as a Minotaur Ice Elementalist on Mar 20, 2024.
             Killed from afar by Natasha (11 damage)
             ... with a puff of flame
             ... on level 3 of the Dungeon.
             The game lasted 00:03:33 (2431 turns).

Kenran the Ruffian (Minotaur Ice Elementalist)      Turns: 2431, Time: 00:03:34

Health: -1/38      AC:  5    Str: 15    XL:     5   Next: 14%
Magic:  6/6        EV:  8    Int: 12    God:
Gold:   167        SH:  6    Dex: 10    Spells: 5/6 levels left

rFire   . .          .
                       - Unarmed
rCold   . . .        e - +0 kite shield
rNeg    . . .        f - +0 ring mail
rPois   .            (helmet restricted)
rElec   .            (no cloak)
rCorr   .            (no gloves)
SInv    .            (no boots)
Will    .....        (no amulet)
Stlth   +            (no ring)
HPRegen 0.26/turn    (no ring)
MPRegen 0.10/turn

%: no passive effects
@: no status effects
A: horns 2, retaliatory headbutt
a: no special abilities


You were on level 3 of the Dungeon.
You visited 1 branch of the dungeon, and saw 4 of its levels.

You collected 167 gold pieces.

Inventory:

Armour
 e - a +0 kite shield (worn)
 f - a +0 ring mail (worn)
Scrolls
 a - a scroll of silence
 d - a scroll of fear
 j - a scroll of teleportation
 k - a scroll of fog {unknown}
 l - a scroll of noise {unknown}
Potions
 b - 2 potions of magic
 c - 3 potions of heal wounds {@q2}
 g - a potion of haste {unknown}
 i - a potion of lignification {unknown}


   Skills:
 - Level 2.1 Dodging
 - Level 1.5 Stealth
 + Level 5.4 Unarmed Combat
 - Level 1.3 Spellcasting
 - Level 2.9 Ice Magic


You had 5 spell levels left.
You knew the following spells:

 Your Spells              Type           Power      Damage    Failure   Level
a - Freeze                Ice            28%        1d5       54%         1

Your spell library contained the following spells:

 Spells                   Type           Power      Damage    Failure   Level
 Frozen Ramparts          Ice            14%        1d3       88%         3
 Ozocubu's Armour         Ice            7%         N/A       88%         3
 Shock                    Conj/Air       0%         1d3       91%         1
 Summon Ice Beast         Ice/Summ       4%         N/A       98%         3
 Call Canine Familiar     Summ           0%         N/A       99%         3
 Gell's Gravitas          Tloc           0%         N/A       99%         3
 Sigil of Binding         Hex            0%         N/A       99%         3
 Swiftness                Air            0%         N/A       99%         3
 Teleport Other           Tloc           0%         N/A       99%         3
 Airstrike                Air            0%         2d(0-16)  100%        4
 Dimensional Bullseye     Hex/Tloc       0%         N/A       100%        4
 Dispersal                Tloc           0%         N/A       100%        6


Dungeon Overview and Level Annotations

Branches:
Dungeon (4/15)
 Temple: D:4-7

Altars:
Makhleb

Annotations:
D:3 Natasha


Innate Abilities, Weirdness & Mutations

You have a pair of horns on your head.
You reflexively headbutt those who attack you in melee.


Message History

You climb downwards.
Natasha, Servant of Life and Death comes into view.
She is carrying a wand of flame.
There is a stone staircase leading up, spattered with blood here.
You block the gnoll's attack.
There is a stone staircase leading up, spattered with blood here.
Natasha barely misses you. The gnoll barely misses you.
You furiously retaliate!
You headbutt the gnoll!
You climb upwards.
There is a stone staircase leading down, spattered with blood here.
Natasha mumbles some strange words.
You block the gnoll's attack.
You see here a +0 halberd.
Natasha zaps a wand.
The puff of flame hits you!
Natasha wildly gestures.
Natasha's front paws start to glow.
Natasha zaps a wand.
The puff of flame hits you! The gnoll attacks as it pursues you!
The gnoll hits you from afar with a +0 halberd!
The gnoll attacks as it pursues you! The gnoll barely misses you.
The cerulean imp completely misses you. The gnoll closely misses you.
You hit the gnoll.
You headbutt the gnoll, but do no damage.
The gnoll is almost dead.
The cerulean imp hits you from afar with a +2 spear.
* * * LOW HITPOINT WARNING * * *
Natasha casts a spell.
You block the gnoll's attack.
You hit the gnoll.
You kill the gnoll!
You block the cerulean imp's attack. The cerulean imp barely misses you.
You hit Natasha.
Natasha is lightly wounded.
You block the cerulean imp's attack. Natasha barely misses you.
The cerulean imp hits you but does no damage.
You block the cerulean imp's attack.
You barely miss Natasha. You headbutt Natasha!
Natasha is heavily wounded.
Natasha zaps a wand.
The puff of flame hits you!
You die...
Natasha begins licking her fur clean.

##....##...# #
##........########
#........##......
#...[.......###.#
#######.........###...#
#....##.........###.###
#....##...........#.# #
###.).5##.............# #
#....>(h@......####...###
#.#...5#####......#......
#....#######......###..#.
#......#..##......##.....
#......#..##.............
##..#.....#########..#...
#..#..#.#..#..# #.....^
######†....#..# #......
#..#.....#####.....


You could see Natasha and 2 cerulean imps.

Vanquished Creatures
  4 adders
  5 gnolls
  A ribbon worm (D:2)
  3 dart slugs
  An orc (D:3)
  5 ball pythons
  5 endoplasms
  4 giant cockroaches
  6 goblins
  2 hobgoblins (D:3)
  7 jackals
  4 kobolds
  2 quokkas (D:1)
  6 bats
  3 frilled lizards
  7 rats
65 creatures vanquished.

Notes
Turn   | Place    | Note
-------+----------+-------------------------------------------
     0 | D:1      | Kenran the Minotaur Ice Elementalist began the quest for
                  | the Orb.
     0 | D:1      | Reached XP level 1. HP: 14/14 MP: 1/1
    76 | D:1      | Reached skill level 1 in Unarmed Combat
   122 | D:1      | Reached XP level 2. HP: 5/20 MP: 3/3
   125 | D:1      | Reached skill level 2 in Unarmed Combat
   736 | D:1      | Reached skill level 3 in Unarmed Combat
   736 | D:1      | Reached XP level 3. HP: 20/26 MP: 4/4
  1048 | D:2      | Found a burning altar of Makhleb.
  1317 | D:2      | Reached skill level 4 in Unarmed Combat
  1673 | D:3      | Reached XP level 4. HP: 30/33 MP: 5/5
  2142 | D:3      | Reached skill level 5 in Unarmed Combat
  2319 | D:3      | Reached XP level 5. HP: 14/38 MP: 6/6
  2418 | D:4      | Noticed Natasha
  2431 | D:3      | Killed from afar by Natasha

Illustrated notes

Levels and vault maps discovered:
D:1:      dpeg_arrival_ternary, layout_loops_ring, hangedman_decor_growths,
          nrook_uturn, hangedman_decor_riveting
D:2:      layout_loops_ring, basic_altar, minmay_tromino_v7
D:3:      layout_rooms, hangedman_decor_push, minmay_misc_feat_roman,
          hangedman_feature_mirror
D:4:      gammafunk_cloud_chamber, layout_basic, general_overflow_altar,
          nicolae_ashenzari_panopticon, chequers_serial_rivers_small_a,
          uniq_sigmund, uniq_natasha, uniq_grinder

Skill      XL: |  1  2  3  4 |
---------------+-------------+-----
Unarmed Combat | 1 3 4 5 |  5.4
Dodging        | |  2.1
Stealth        | |  1.5
Spellcasting   | |  1.3
Ice Magic      | |  2.9

Action                     |  1- 3 |  4- 6 || total
---------------------------+-------+-------++-------
  Melee: Unarmed           |   120 |    61 ||   181
         Headbutt          |    20 |    15 ||    35
         Punch             |     3 |       ||     3
    Use: Scroll            |     1 |     3 ||     4
         Potion            |       |     1 ||     1
 Armour: Leather armour    |    30 |       ||    30
         Ring mail         |    46 |    71 ||   117
  Dodge: Dodged            |    54 |    31 ||    85
  Block: Kite shield       |       |    23 ||    23

Table legend: (Time is in decaauts)
 A = Elapsed time spent in this place.
 B = Non-inter-level travel time spent in this place.
 C = Inter-level travel time spent in this place.
 D = Time resting spent in this place.
 E = Time spent auto-exploring this place.
 F = Levels seen in this place.
 G = Mean time per level.
                   A        B        C        D        E       F      G
               +--------+--------+--------+--------+--------+-----+--------+
         Total |   2433 |   2325 |    108 |    541 |   1290 |   4 |  608.2 |
       Dungeon |   2433 |   2325 |    108 |    541 |   1290 |   4 |  608.2 |
               +--------+--------+--------+--------+--------+-----+--------+

Top non-repeatable levels by time:
     D:1: 1030 daAuts
     D:3: 693 daAuts
     D:2: 686 daAuts
     D:4: 23 daAuts
